 Dungeon Crawl Stone Soup version 0.20-a0-150-g0ef8409 (webtiles) character file.

42 CanadianGator the Ducker (level 3, 17/26 HPs)
             Began as an Octopode Fighter on Nov 22, 2016.
             Quit the game on level 2 of the Dungeon.
             The game lasted 00:03:13 (1231 turns).

CanadianGator the Ducker (Octopode Fighter)         Turns: 1231, Time: 00:03:13

Health: 17/26      AC:  1    Str: 15    XL:     3   Next: 56%
Magic:  3/3        EV: 12    Int: 10    God:
Gold:   47         SH:  9    Dex: 12    Spells: 2/2 levels left

rFire  . . .     SeeInvis .       - Unarmed
rCold  . . .     Gourm    .     a - +0 shield
rNeg   . . .     Faith    .     (helmet restricted)
rPois  .         Spirit   .     (no amulet)
rElec  .         Reflect  .     (no ring)
rCorr  .         Harm     .     (no ring)
MR     .....                    (no ring)
Stlth  +++.......               (no ring)
                                (no ring)
                                (no ring)
                                (no ring)
                                (no ring)

@: no status effects
A: almost no armour, stealthy swim, amphibious, 8 rings, constrict 8, camouflage
1, gelatinous body 1
a: no special abilities


You were on level 2 of the Dungeon.
You were hungry.

You visited 1 branch of the dungeon, and saw 2 of its levels.

You collected 47 gold pieces.

Inventory:

Armour
 a - a +0 shield (worn)
Jewellery
 n - a +3 amulet of reflection {unknown}
Scrolls
 d - a scroll of identify {unknown}
 f - 2 scrolls of recharging {unknown}
 h - a scroll of immolation {unknown}
 i - 2 scrolls of amnesia {unknown}
Potions
 b - 2 potions of might
 k - a potion of curing {unknown}
 l - a potion of flight {unknown}
 m - a potion of resistance {unknown}
Comestibles
 c - a bread ration
 g - a fruit
 j - a meat ration


   Skills:
 + Level 3.1 Fighting
 * Level 3.5 Dodging
 + Level 1.1 Stealth
 * Level 3.4 Shields
 * Level 2.6 Unarmed Combat


You had 2 spell levels left.
You didn't know any spells.

Dungeon Overview and Level Annotations

Branches:
Dungeon (2/15)

Altars:
Ashenzari


Innate Abilities, Weirdness & Mutations

You cannot wear most types of armour.
You are very stealthy in the water. (Stealth+)
You are amphibious.
You can wear up to eight rings at the same time.
You can use your tentacles to constrict eight enemies at once.
Your skin changes colour to match your surroundings (Stealth+).
Your rubbery body absorbs attacks. (AC +1, EV +1)


Message History

The quokka is moderately wounded.
You constrict the quokka. You block the quokka's attack. The quokka bites you.
You tentacle-slap the quokka but do no damage.
The quokka is heavily wounded.
You constrict the quokka. The quokka barely misses you.
You tentacle-slap the quokka but do no damage.
The quokka is severely wounded.
You constrict the quokka.
You kill the quokka!
You see here a quokka corpse.
You now have 47 gold pieces (gained 11).
You enter a teleport trap!
The teleport trap disappears.
Your surroundings suddenly seem different.
n - a runed malachite amulet
As you read the scroll labeled KOEXKEO EBIFF, it crumbles to dust.
You feel blessed for a moment.
It was a scroll of remove curse.
Drop what? 13/52 slots (_ for help) (? for menu, Esc to quit)
Okay, then.
Unknown command.
Are you sure you want to abandon this character and quit the game? (Confirm with "yes".)

#### ..# #.#
#.#####.###
#.........#
.##.#..#.#
#@.#.####
.........#.##.##
##.####.##.....#
#.#####.## ..#
#.# ### #.# #.#
..# ###


There were no monsters in sight!

Vanquished Creatures
  An adder (D:2)
  A dart slug (D:1)
  2 giant cockroaches (D:1)
  4 hobgoblins
  4 jackals (D:1)
  A quokka (D:2)
  3 bats (D:1)
  2 frilled lizards (D:1)
  4 goblins
  5 kobolds
  4 rats (D:1)
31 creatures vanquished.

Notes
Turn   | Place    | Note
-------+----------+-------------------------------------------
     0 | D:1      | CanadianGator the Octopode Fighter began the quest for the Orb.
     0 | D:1      | Reached XP level 1. HP: 16/16 MP: 1/1
    50 | D:1      | Reached XP level 2. HP: 4/21 MP: 2/2
   754 | D:1      | Reached XP level 3. HP: 26/26 MP: 3/3
  1117 | D:2      | Reached skill level 1 in Stealth
  1140 | D:2      | Found a shattered altar of Ashenzari.
  1231 | D:2      | Quit the game

Vault maps used:
D:1:      mushboom_english_gardens
D:2:      nicolae_overflow_hidden_temple, ashenzari_conservatory_becter

Skill      XL: |  1  2  3 |
---------------+----------+-----
Stealth        | 1 |  1.1
Fighting       | |  3.1
Dodging        | |  3.5
Shields        | |  3.4
Unarmed Combat | |  2.6

Action                   || total
-------------------------++-------
Melee: Unarmed           ||    58
       Constrict         ||    23
       Tentacles         ||    13
  Use: Scroll            ||     1
 Stab: Sleeping          ||     4
Armor: Skin              ||     7
Dodge: Dodged            ||    23
Block: Shield            ||    21
